[Event "12th National Amateur Chess-ch 2025"]
[Site "Bihar"]
[Date "2025.03.27"]
[Round "5.11"]
[White "Avyay Sharma"]
[Black "Raj Aryan"]
[Result "1-0"]
[Annotator "NA RC"]
[ECO "C01"]
[WhiteElo "1586"]
[BlackElo "1630"]
[PlyCount "135"]
[EventDate "2025.03.25"]
[EventCountry "IND"]
[SourceTitle "playchess.com"]
[Source "ChessBase"]
[SourceQuality "1"]
[TimeControl "5400+30"]

1. e4 e6 2. d4 d5 3. exd5 exd5 4. c4 Nf6 5. Nc3 Nc6 6. Nf3 Bg4 7. Be3 Be7 8. cxd5 Nxd5 9. Bc4 Nb6 10. Bb3 O-O 11. h3 Bh5 12. a3 Bf6 13. g4 Bg6 14. h4 Re8 15. Kf1 Na5 16. Ba2 Nac4 17. h5 Be4 18. Nxe4 Rxe4 19. Qd3 Nxe3+ 20. fxe3 Rxg4 21. Qf5 Qd7 22. Bxf7+ Qxf7 23. Qxg4 Rf8 24. Kg2 Qb3 25. Rae1 Qxb2+ 26. Kh3 Qxa3 27. Qe6+ Kh8 28. Ra1 Qb2 29. Rhf1 Qe2 30. Kg3 Qc4 31. Qe4 Qd5 32. Qxd5 Nxd5 33. e4 Ne3 34. Rf2 Nc4 35. Rxa7 Nd6 36. Ng5 h6 37. e5 hxg5 38. exd6 cxd6 39. Rxb7 Re8 40. d5 Re5 41. h6 Re7 42. Rxe7 Bxe7 43. Rf7 Bf6 44. hxg7+ Bxg7 45. Rd7 Be5+ 46. Kg4 Bf4 47. Kf5 Kg8 48. Re7 Kf8 49. Ke6 Be5 50. Rf7+ Kg8 51. Rf5 Bf4 52. Kf6 Kf8 53. Ke6+ Kg8 54. Rf7 Be5 55. Rf5 Bf4 56. Rf6 Kg7 57. Kf5 Kh7 58. Rg6 Kh8 59. Kf6 Kh7 60. Kf7 Bh2 61. Rxg5 Kh6 62. Rg6+ Kh5 63. Rg8 Be5 64. Ke6 Kh6 65. Rd8 Kg7 66. Rxd6 Bd4 67. Rd8 Bb6 68. Re8 1-0

[Event "12th National Amateur Chess-ch 2025"]
[Site "Bihar"]
[Date "2025.03.27"]
[Round "5.12"]
[White "Pathak Anshu Kr"]
[Black "Vamsi Krishna, R."]
[Result "1/2-1/2"]
[Annotator "NA RC"]
[ECO "B13"]
[WhiteElo "1585"]
[BlackElo "1620"]
[PlyCount "118"]
[EventDate "2025.03.25"]
[EventCountry "IND"]
[SourceTitle "playchess.com"]
[Source "ChessBase"]
[SourceQuality "1"]
[TimeControl "5400+30"]

1. e4 c6 2. d4 d5 3. exd5 cxd5 4. Bd3 Nc6 5. c3 Nf6 6. Bf4 e6 7. Qe2 Bd6 8. Bxd6 Qxd6 9. Nf3 O-O 10. Ne5 a6 11. Nd2 b5 12. a3 Na5 13. b4 Nc4 14. Nb3 Nd7 15. f4 f6 16. Qh5 f5 17. Nxd7 Bxd7 18. O-O Ne3 19. Rf3 Ng4 20. Rh3 h6 21. Rf1 Qe7 22. Rg3 Be8 23. Qh3 Nf6 24. Qxh6 Nh5 25. Qg5 Rf6 26. Rh3 Qf7 27. Be2 Rh6 28. Bxh5 Rxh5 29. Rxh5 Qxh5 30. Qxh5 Bxh5 31. Kf2 Kf7 32. Re1 Ke7 33. Nc5 Bf7 34. Nb3 Rc8 35. Re3 Bh5 36. Ke1 Bg4 37. Nc5 Rc6 38. h3 Bh5 39. Kd2 Bf7 40. Re1 Rc8 41. Re3 Ra8 42. Ke1 Ra7 43. Kf2 Ra8 44. g4 g6 45. Kg3 Rh8 46. Nxa6 Kd6 47. Nc5 Ra8 48. Kh4 Rxa3 49. Kg5 Ke7 50. Nb7 Ra7 51. Nc5 Ra3 52. Rg3 Ra8 53. Nd3 Rh8 54. Ne5 Be8 55. Re3 Rg8 56. Re1 Rh8 57. Re3 Rg8 58. Re1 Rh8 59. Re3 Rg8 1/2-1/2

[Event "12th National Amateur Chess-ch 2025"]
[Site "Bihar"]
[Date "2025.03.27"]
[Round "5.13"]
[White "Bristy Mukherjee"]
[Black "Arushi Severin Helen D Silva"]
[Result "1-0"]
[Annotator "TA"]
[ECO "A11"]
[WhiteElo "1985"]
[BlackElo "1746"]
[PlyCount "111"]
[EventDate "2025.03.25"]
[EventCountry "IND"]
[SourceTitle "playchess.com"]
[Source "ChessBase"]
[SourceQuality "1"]
[TimeControl "5400+30"]

1. c4 Nf6 2. g3 c6 3. Bg2 d5 4. b3 Bg4 5. Bb2 e6 6. h3 {[%emt 0:02:31] A11: English Opening: 1...c6.} Bf5 7. Nf3 Nbd7 8. d3 {[%emt 0:00:50] The position is equal.} h6 $146 ({Predecessor:} 8... Bd6 9. Nbd2 h6 10. Qc2 Bh7 11. O-O O-O 12. Rad1 Qb6 13. Kh2 Rfe8 14. Bd4 Bc5 {½-½ Pleasants,A (1982)-Klingher,D (2116) Jersey op St Clement Bay 2017 (4)}) 9. Nbd2 Qb6 10. O-O Bg6 11. a3 Rd8 12. Qe1 Be7 13. b4 dxc4 (13... O-O $11) 14. Nxc4 $16 {[%emt 0:18:33] Black is on the road to losing.} Qc7 15. Rc1 Qb8 ({Better is} 15... Bh7) 16. Nfe5 Nf8 (16... Nxe5 $16 17. Bxe5 Qc8) 17. Na5 Rd5 (17... N8d7) 18. Bxd5 exd5 19. e4 {[%emt 0:01:57] Prevents Bf5.} dxe4 20. dxe4 Bh7 21. Nec4 Ne6 22. f3 Rg8 $2 (22... O-O {was necessary.} 23. Be5 Qa8) 23. Be5 $18 Qa8 24. Nd6+ Bxd6 25. Bxd6 g5 26. Qc3 Nd7 {[%emt 0:00:48] [#]} 27. b5 $1 c5 28. Rfd1 h5 29. g4 hxg4 30. hxg4 Rg6 31. Rc2 Bg8 32. Rh2 a6 {[%emt 0:01:09] [#]} 33. b6 Nxb6 (33... Qc8 34. Rh8) 34. Be5 (34. Bxc5 Na4 35. Qe5 Naxc5 $14) 34... Nd7 35. Rhd2 Nb6 (35... Nxe5 36. Qxe5 f6) 36. Bf6 Rxf6 37. Qxf6 Qb8 38. e5 Qc7 {[%emt 0:02:28] [#]} 39. Nxb7 $1 Nd4 (39... Nd7 40. Rxd7) 40. Nd6+ (40. Qxg5 $2 Nxf3+ 41. Kf1 Nxg5 $19) 40... Kd7 41. Nf5 ({Not} 41. Qxg5 Nxf3+ 42. Kf1 Nxg5 $16) 41... Kc8 42. Nxd4 (42. Qxg5 $2 {is the wrong capture.} Nxf3+ 43. Kf1 Nxg5 $19) 42... cxd4 43. Rxd4 {[%emt 0:00:04][%cal Od1b1] aiming for Rb1!.} Kb7 44. Rb1 a5 45. Qd6 (45. Rd7 $142 Kc8 46. Rxc7+ Kxc7 47. Qxb6+ (47. Rxb6 Kc8 48. Qd6 Bh7 49. Rb8#) 47... Kc8 48. Qd6 Bh7 49. Rb8#) 45... Qc6 46. Qxc6+ Kxc6 47. Rd6+ Kc7 48. Rbxb6 Bh7 49. Ra6 {[%emt 0:00:09] Threatening mate with Ra7+.} Bb1 50. Ra7+ {[%emt 0:00:06] White mates.} Kc8 51. Rxf7 Ba2 52. e6 a4 53. Rg7 Bxe6 54. Rxe6 Kd8 55. Ra6 Kc8 56. Ra8# {[%emt 0:00:03] Weighted Error Value: White=0.39/Black=0.90  Mistake:       	---       	Black=6      Inaccurate:     	White=3     	Black=4      OK:         	White=11    	Black=8      Best:        	---       	Black=2} 1-0

[Event "12th National Amateur Chess-ch 2025"]
[Site "Bihar"]
[Date "2025.03.27"]
[Round "5.14"]
[White "Chinnam Vyshnavi"]
[Black "Nivedita V C"]
[Result "1-0"]
[Annotator "TA"]
[ECO "C80"]
[WhiteElo "1793"]
[BlackElo "1950"]
[PlyCount "91"]
[EventDate "2025.03.25"]
[EventCountry "IND"]
[SourceTitle "playchess.com"]
[Source "ChessBase"]
[SourceQuality "1"]
[TimeControl "5400+30"]

1. e4 e5 2. Nf3 Nc6 3. Bb5 a6 4. Ba4 Nf6 5. O-O Nxe4 6. Re1 Nc5 7. Bxc6 dxc6 8. Nxe5 Be7 9. d4 {[%emt 0:00:19][%cal Od1h5] [#]} Nd7 {[%emt 0:11:47] C80: Open Ruy Lopez: Sidelines and 9 Nbd2.} 10. Qe2 Nf6 11. Nd3 $146 {[%emt 0:18:23] White is more active.} ({Predecessor:} 11. Bd2 Be6 12. Nc3 O-O 13. Nxf7 Bxf7 14. Qxe7 Qxd4 15. Be3 Qg4 16. Qxc7 Qb4 17. Qb6 {1-0 Brandao,E (2052)-Fernandes,C (2044) Paulista-ch final 2008 (6)}) 11... Bg4 {[%emt 0:10:33] White is slightly better.} 12. f3 Be6 13. c3 Nd5 14. Nf4 Nxf4 15. Bxf4 O-O 16. Nd2 c5 17. Nb3 Bh4 (17... cxd4 $5 18. Nxd4 Bc5 $11) 18. g3 Bxb3 19. axb3 Bg5 20. dxc5 {[%emt 0:02:12] And now Rad1 would win.} Bxf4 21. gxf4 Qh4 22. Ra4 ({Better is} 22. Qe5 $16) 22... Qh5 $11 23. Qf2 Qd5 24. b4 Qf5 25. Re4 Rfe8 26. Qe2 (26. Qe3 $14 Rf8 27. Ra1) 26... Rxe4 (26... Kf8 $5) 27. Qxe4 {[%emt 0:00:08][%mdl 4096] Endgame KQR-KQR. White is a pawn up.} Qd7 28. Ra1 Re8 29. Qc2 (29. Qxb7 $16 g6 30. Qxa6 (30. Rxa6 Qd1+ 31. Kg2 Re2+ 32. Kh3 Qf1+ 33. Kh4 Qf2+ 34. Kg5 h6+ 35. Kg4 Qg1+ 36. Kh4 Rxh2#)) 29... Qd5 $14 30. Rf1 h6 $36 {[%emt 0:01:21][%mdl 2048] Black has good play.} 31. Qd1 Qc4 32. Qd4 (32. Qd7 $11 Re2 33. Rd1) 32... Qe2 (32... Qxd4+ $1 $15 33. cxd4 Re3) 33. Rf2 (33. Qd7 {keeps more tension.} Re6 34. f5 Qe3+ 35. Kh1) 33... Qe6 34. Qd3 Qf6 35. Qd2 Rd8 36. Qc1 Qg6+ 37. Kh1 Qd3 {[%emt 0:00:19] Repels Rd2} 38. Kg2 c6 ({Black should play} 38... Qf5 $11) 39. Qc2 Qe3 40. Qe4 Qc1 41. Qe7 Rd1 42. Qe8+ Kh7 43. Qxf7 Rg1+ 44. Kh3 Rg6 (44... Qe3 $1 $14 45. Rg2 (45. Qf5+ Kg8 $11) 45... Qxf3+ 46. Rg3 Rxg3+ 47. hxg3 h5 48. Qf5+ (48. Qxb7 $2 Qh1#) 48... Kh6 49. Qg5+ Kh7 50. Qf5+) 45. Rg2 (45. Qf5 $1 $16 {Rg2 would kill now.} Qg1 46. Qc2) 45... Qf1 {[%emt 0:00:07][%mdl 8192] [#]} 46. Qxg6+ {[%emt 0:00:04] Weighted Error Value: White=0.23 (precise) /Black=0.29 (precise)   Loses game:     	---       	Black=1      Mistake:       	White=5     	Black=3      Inaccurate:     	White=6     	Black=5      OK:         	White=9     	Black=17     Best:        	White=3     	Black=3} 1-0

[Event "12th National Amateur Chess-ch 2025"]
[Site "Bihar"]
[Date "2025.03.27"]
[Round "5.15"]
[White "Aamuktha Guntaka"]
[Black "Marium Fatima"]
[Result "1-0"]
[Annotator "NA RC"]
[ECO "C06"]
[WhiteElo "1910"]
[BlackElo "1881"]
[PlyCount "149"]
[EventDate "2025.03.25"]
[EventCountry "IND"]
[SourceTitle "playchess.com"]
[Source "ChessBase"]
[SourceQuality "1"]
[TimeControl "5400+30"]

1. e4 e6 2. d4 d5 3. Nd2 Nf6 4. e5 Nfd7 5. Bd3 c5 6. c3 Nc6 7. Ne2 cxd4 8. cxd4 f6 9. exf6 Nxf6 10. O-O Bd6 11. Nf3 O-O 12. Bf4 Bxf4 13. Nxf4 Ne4 14. Ne2 {[%emt 0:00:21] Nowadays more popular than 14.Qc1.} Nb4 $146 {[%emt 0:07:19] C06: French Tarrasch: 3...Nf6 4 e5 Nfd7 5 Bd3 main lines.} ({Predecessor:} 14... Rxf3 15. gxf3 Ng5 16. f4 Nh3+ 17. Kh1 Qh4 18. Qe1 Nxf4 19. Nxf4 Qxf4 20. Qe3 Qxd4 21. Qh3 g6 22. Qg3 e5 23. Rad1 Qg4 24. Bb5 Nd4 25. Ba4 {½-½ Nakamura,H (2768)-Andreikin,D (2729) Titled Tuesday intern op 04th Oct Early blitz 2022 (7)}) 15. Ng3 Nxd3 16. Qxd3 Ng5 17. Ne5 Bd7 18. Rfe1 Be8 (18... Nf7 $11) 19. Rac1 Nf7 20. Qe3 Nd6 21. Nd3 Bf7 22. b3 Qa5 23. Qe5 Rad8 {[%emt 0:01:42] [#]} 24. Re2 (24. Ne2 $1 $16) 24... Kh8 25. Nf4 Qb6 26. Rc5 Nb5 ({Better is} 26... Rde8 27. h4 h6) 27. a4 Nd6 {[%emt 0:00:53] [#]} 28. Re3 $1 ({Resist} 28. Nxe6 $6 Bxe6 29. Qxe6 Qxb3 $14) 28... Rde8 {[%emt 0:03:21] [#]} 29. a5 (29. Rec3 $1 $16 Bg6 30. Rc7 (30. Nxe6 $2 {too greedy.} Rf6 $19)) 29... Qd8 30. Rec3 Re7 31. h4 Bg8 32. h5 Nf7 33. Qe2 Nh6 34. Nd3 Ref7 35. Nh1 Qh4 36. Ne5 Rf5 37. Nf3 Qg4 38. Ng3 Rf4 39. Rc8 Rxc8 40. Rxc8 e5 41. Rb8 (41. Nxe5 $2 {loses.} Qxc8 42. Qd2 Rf8 $19) ({Less strong is} 41. Qxe5 Rxf3 42. Rxg8+ Nxg8 $16) 41... exd4 42. Rxb7 Qc8 43. a6 Qc1+ 44. Qe1 Qc3 45. Qe5 Qa1+ 46. Nf1 Rf7 47. Rxf7 Nxf7 48. Qxd5 Qxa6 49. Qxd4 Qb5 50. b4 a5 51. bxa5 Qxa5 52. g4 Ng5 53. Nh4 ({White should try} 53. Nxg5 $16 Qxg5 54. Ne3) 53... Qe1 54. h6 Qe7 55. Ne3 (55. hxg7+ Qxg7 56. Qe3 Qf6 $14) 55... Qf6 56. hxg7+ Qxg7 57. Qd8 Ne6 58. Qd6 Qd4 ({Black should play} 58... Qa1+ $14 59. Kg2 Qd4) 59. Qg3 Qf4 60. Qg2 ({Better is} 60. Kg2 $16) 60... Qe5 (60... Qg5 $14) 61. Nhf5 Qa1+ 62. Kh2 Qe5+ 63. Qg3 Qxg3+ 64. Kxg3 Bf7 (64... h5 $1 $14) 65. Nd6 Bg6 66. f4 Bd3 67. f5 Nc5 (67... Ng5 $16) 68. Kf4 Nd7 69. Nf7+ Kg7 {[%emt 0:00:23] [#]} 70. Ne5 $1 Nxe5 $2 (70... Bb5 $16) 71. Kxe5 Kf7 {[%emt 0:00:31] [#]} 72. g5 $1 Bb1 73. Ng4 Ba2 74. Kd6 $18 (74. Nf6 {mates} Kg7 75. Kd6 Bb1 76. Ke6 h6 77. g6 Kf8 78. Nd5 h5 79. Nf4 Ba2+ 80. Ke5) 74... Bb3 75. Ne5+ 1-0

[Event "12th National Amateur Chess-ch 2025"]
[Site "Bihar"]
[Date "2025.03.27"]
[Round "5.16"]
[White "Theephigaa K P"]
[Black "Suravi Bhattacharya"]
[Result "1-0"]
[Annotator "NA RC"]
[ECO "C18"]
[WhiteElo "1792"]
[BlackElo "1718"]
[PlyCount "79"]
[EventDate "2025.03.25"]
[EventCountry "IND"]
[SourceTitle "playchess.com"]
[Source "ChessBase"]
[SourceQuality "1"]
[TimeControl "5400+30"]

1. e4 e6 2. d4 d5 3. Nc3 Bb4 4. e5 c5 5. a3 Bxc3+ 6. bxc3 Ne7 7. Qg4 cxd4 8. Bd3 Qc7 9. Ne2 dxc3 10. Qxg7 Rg8 11. Qxh7 Qxe5 12. Bf4 Qf6 13. Qh6 Nd7 14. Qxf6 Nxf6 15. Nxc3 Bd7 16. O-O-O a6 17. Be5 Ng4 18. Bg3 Rc8 19. Kb2 Bc6 20. Rde1 Kd7 21. h4 Ne3 22. Rxe3 d4 23. Ne4 dxe3 24. Nf6+ Kd8 25. Nxg8 Nxg8 26. h5 f5 27. h6 Nf6 28. h7 Nxh7 29. Rxh7 exf2 30. Bxf2 Bxg2 31. Rg7 Bd5 32. c4 Bxc4 33. Rg8+ Kd7 34. Rxc8 Kxc8 35. Bxc4 Kd7 36. Bg3 b5 37. Bb3 Ke7 38. Kc3 a5 39. Kd4 Kf6 40. Bh4+ 1-0

[Event "12th National Amateur Chess-ch 2025"]
[Site "Bihar"]
[Date "2025.03.27"]
[Round "5.17"]
[White "Kashvy Sabharwal"]
[Black "Vaishnavi Radhakrishnan"]
[Result "1/2-1/2"]
[Annotator "NA RC"]
[ECO "D02"]
[WhiteElo "1640"]
[BlackElo "1658"]
[PlyCount "125"]
[EventDate "2025.03.25"]
[EventCountry "IND"]
[SourceTitle "playchess.com"]
[Source "ChessBase"]
[SourceQuality "1"]
[TimeControl "5400+30"]

1. d4 d5 2. Nf3 Nf6 3. Bf4 g6 4. e3 Bg7 5. Bd3 O-O 6. h4 Bg4 7. Nbd2 a6 8. Be2 Nc6 9. Ne5 Bxe2 10. Nxc6 Bxd1 11. Nxd8 Rfxd8 12. Rxd1 Rdc8 13. Be5 Nd7 14. Bxg7 Kxg7 15. c4 dxc4 16. Nxc4 b5 17. Nd2 c5 18. dxc5 Nxc5 19. Nf3 Na4 20. O-O Nxb2 21. Rd7 Re8 22. Rc1 Nc4 23. Rcd1 Rac8 24. Ra7 a5 25. Rdd7 Kf8 26. Nd4 b4 27. Rdb7 Rc5 28. Nb3 Rd5 29. Rc7 Rd1+ 30. Kh2 Nd2 31. Rxa5 Nxb3 32. axb3 Rd3 33. Rb5 Rxb3 34. Rcb7 Rd8 35. Rxb4 Rxb4 36. Rxb4 f5 37. Rb7 Rd2 38. Kg3 Kf7 39. Rc7 h6 40. f4 Ra2 41. Rb7 Ra4 42. Kf3 h5 43. Kg3 Re4 44. Kf3 Kf6 45. Rb6+ Re6 46. Rb8 Re4 47. Rb6+ Kg7 48. Rb7 Kh6 49. Rc7 Kg7 50. Rb7 Kf7 51. Rc7 Rb4 52. Ra7 Rb1 53. Rc7 Rf1+ 54. Kg3 Kf6 55. Rc6+ e6 56. Ra6 Re1 57. Kf3 Rh1 58. Kg3 Re1 59. Kf3 Rh1 60. Kg3 Re1 61. Kf3 Rh1 62. Kg3 Re1 63. Kf3 1/2-1/2

[Event "12th National Amateur Chess-ch 2025"]
[Site "Bihar"]
[Date "2025.03.27"]
[Round "5.18"]
[White "Vidhi Angelina"]
[Black "Silarapu Devi Dedipyasri"]
[Result "1/2-1/2"]
[Annotator "NA RC"]
[ECO "D35"]
[WhiteElo "1620"]
[BlackElo "1587"]
[PlyCount "63"]
[EventDate "2025.03.25"]
[EventCountry "IND"]
[SourceTitle "playchess.com"]
[Source "ChessBase"]
[SourceQuality "1"]
[TimeControl "5400+30"]

1. d4 d5 2. c4 e6 3. Nc3 Nf6 4. Bg5 Nbd7 5. e3 c6 6. cxd5 exd5 7. Bd3 Be7 8. Nf3 O-O 9. O-O h6 10. Bh4 Ne4 11. Bxe7 Qxe7 12. Nd2 f5 13. Qe2 Ndf6 14. f3 Nxd2 15. Qxd2 Bd7 16. Rae1 Rae8 17. Qc2 g6 18. e4 fxe4 19. fxe4 dxe4 20. Nxe4 Nxe4 21. Rxf8+ Qxf8 22. Rxe4 Bf5 23. Qb3+ Kh8 24. Rf4 Re3 25. Rf3 Rxf3 26. gxf3 Bxd3 27. Qxd3 Qf4 28. Kg2 Qg5+ 29. Kf2 Qh4+ 30. Kg2 Qg5+ 31. Kf2 Qh4+ 32. Ke3 1/2-1/2

[Event "12th National Amateur Chess-ch 2025"]
[Site "Bihar"]
[Date "2025.03.27"]
[Round "5.19"]
[White "Aayusree Sarkar"]
[Black "Hiya Garg"]
[Result "1-0"]
[Annotator "NA RC"]
[ECO "C01"]
[WhiteElo "1677"]
[BlackElo "1518"]
[PlyCount "83"]
[EventDate "2025.03.25"]
[EventCountry "IND"]
[SourceTitle "playchess.com"]
[Source "ChessBase"]
[SourceQuality "1"]
[TimeControl "5400+30"]

1. e4 e6 2. d4 d5 3. exd5 exd5 4. Nc3 c6 5. Bf4 Bd6 6. Qd2 Bf5 7. O-O-O Ne7 8. f3 h5 9. Re1 Qc7 10. Bxd6 Qxd6 11. Qg5 Kf8 12. g4 hxg4 13. fxg4 Be6 14. h4 Qg3 15. Qd2 Rxh4 16. Nge2 Qxg4 17. Rg1 Qf5 18. Bg2 Qf6 19. Kb1 Nf5 20. Ref1 Qh6 21. Qd3 Qe3 22. Qd1 Nxd4 23. Nxd4 Qxd4 24. Qe1 Rf4 25. Bf3 Nd7 26. Ne2 Qc4 27. Nxf4 Bf5 28. Qd2 Ne5 29. Be2 Qe4 30. Bd3 Qd4 31. Qg2 Nxd3 32. Nxd3 Bxd3 33. cxd3 Qxd3+ 34. Ka1 g6 35. Qf2 Qf5 36. Qc5+ Ke8 37. Rxf5 gxf5 38. Rg8+ Kd7 39. Rxa8 a6 40. Qf8 Ke6 41. Re8+ Kf6 42. Qh6# 1-0

[Event "12th National Amateur Chess-ch 2025"]
[Site "Bihar"]
[Date "2025.03.27"]
[Round "5.20"]
[White "Disha U A"]
[Black "Hunsika M"]
[Result "1-0"]
[Annotator "NA RC"]
[ECO "D00"]
[WhiteElo "1643"]
[BlackElo "1520"]
[PlyCount "105"]
[EventDate "2025.03.25"]
[EventCountry "IND"]
[SourceTitle "playchess.com"]
[Source "ChessBase"]
[SourceQuality "1"]
[TimeControl "5400+30"]

1. d4 d5 2. Nc3 e6 3. Bf4 Nf6 4. Nb5 Bb4+ 5. c3 Ba5 6. a4 a6 7. Na3 c6 8. e3 O-O 9. Nf3 Bc7 10. Qc2 h6 11. Bd3 Nbd7 12. Nb1 c5 13. b3 Bxf4 14. exf4 Qc7 15. Ne5 cxd4 16. cxd4 Qxc2 17. Bxc2 b6 18. Nc3 Bb7 19. f3 Rac8 20. Kd2 Rc7 21. Rhc1 Rfc8 22. Bd3 Nb8 23. f5 Nc6 24. Nxc6 Rxc6 25. fxe6 fxe6 26. Rc2 Nh5 27. g3 Rf8 28. Bg6 Nf6 29. Re1 Nd7 30. Bh5 Nf6 31. Bg6 Nd7 32. Nd1 Rxc2+ 33. Bxc2 Rxf3 34. Rxe6 Kf7 35. Re3 Rf1 36. Ke2 Rf6 37. Nf2 Nf8 38. Ng4 Re6 39. Ne5+ Ke7 40. Bf5 Kf6 41. Bxe6 Nxe6 42. Rf3+ Kg5 43. Kd3 Nd8 44. Nf7+ Nxf7 45. Rxf7 Bc8 46. Rxg7+ Kf6 47. Rc7 Bf5+ 48. Ke3 Kg5 49. Rc6 b5 50. axb5 axb5 51. Rc5 Kf6 52. Rxd5 Be6 53. Rxb5 1-0